 Dungeon Crawl Stone Soup version 0.29.0-4-gdea44cf6ec (webtiles) character file.

Game seed: 9400934818890291646

364 qw the Sneak (level 6, -2/39 HPs)
             Began as a Gargoyle Delver on Sept 10, 2022.
             Slain by Duvessa
             ... wielding a +0 short sword
              (14 damage)
             ... on level 4 of the Dungeon.
             The game lasted 00:01:27 (3847 turns).

qw the Sneak (Gargoyle Delver)                      Turns: 3847, Time: 00:01:28

Health: -2/39      AC: 17    Str: 17    XL:     6   Next: 67%
Magic:  6/6        EV: 13    Int: 11    God:
Gold:   153        SH:  0    Dex: 11    Spells: 5/5 levels left

rFire   . . .      SeeInvis .   Y - +0 hand axe (freeze)
rCold   . . .      Faith    .   (no shield)
rNeg    + . .      Spirit   .   k - +0 scale mail
rPois   inf        Reflect  .   b - +0 helmet
rElec   +          Harm     .   (no cloak)
rCorr   .          Rampage  .   (no gloves)
Will    .....                   a - +0 pair of boots
Stlth   +.........              (no amulet)
HPRegen 0.13/turn               e - +4 ring of protection
MPRegen 0.10/turn               i - +4 ring of evasion

@: no status effects
A: sickness immunity, AC +4, negative energy resistance 1, electricity
resistance, torment resistance 1, petrification resistance
a: no special abilities


You were on level 4 of the Dungeon.
You visited 1 branch of the dungeon, and saw 5 of its levels.

You collected 153 gold pieces.


Innate Abilities, Weirdness & Mutations

You are immune to sickness and miasma.
Your stone body is resilient. (AC +4)
You are immune to poison.
You resist negative energy. (rN+)
You are resistant to electric shocks. (rElec)
You are resistant to unholy torment.
You are immune to petrification.


   Skills:
 - Level 4.4 Fighting
 + Level 5.4 Axes
 - Level 2.0 Armour
 - Level 1.5 Dodging
 - Level 5.4 Stealth


You had 5 spell levels left.
You didn't know any spells.
Your spell library was empty.

Inventory:

Hand Weapons
 l - a +0 flail
 Y - a +0 hand axe of freezing (weapon)
Armour
 a - a +0 pair of boots (worn)
 b - a +0 helmet (worn)
 c - the +0 leather armour of the Stone Wall {rF+ rC- Dex+4 Stlth+}
   (You found it on level 2 of the Dungeon)

   Dex:       It affects your dexterity (+4).
   rF:        It protects you from fire.
   rC:        It makes you vulnerable to cold.
   Stlth:     It makes you more stealthy.
 k - a +0 scale mail (worn)
Jewellery
 e - a +4 ring of protection (left hand)
 i - a +4 ring of evasion (right hand)
Wands
 g - a wand of digging (3)
Potions
 d - a potion of curing {unknown}
 f - a potion of haste
 h - a potion of invisibility {unknown}

Dungeon Overview and Level Annotations

Branches:
Dungeon (5/15)
 Temple: D:4-7

Altars:
Gozag

Shops:
D:1 (

Annotations:
D:4 Duvessa


Message History

You closely miss Dowan.
Dowan is almost dead.
You hit Duvessa but do no damage. Duvessa hits you but does no damage.
Dowan points at you and mumbles some strange words.
The puff of frost hits you.
You slash Dowan! You freeze Dowan.
You kill Dowan!
Duvessa screams in rage.
Duvessa goes berserk!
You hit Duvessa but do no damage. Duvessa closely misses you.
Duvessa hits you but does no damage.
Your Fighting skill increases to level 4!
You hit Duvessa. You freeze Duvessa.
Duvessa is heavily wounded.
Duvessa hits you with a +0 short sword.
You barely miss Duvessa.
Duvessa is heavily wounded.
Duvessa hits you with a +0 short sword! Duvessa closely misses you.
You hit Duvessa but do no damage.
Duvessa is heavily wounded.
Duvessa hits you but does no damage.
You hit Duvessa but do no damage.
Duvessa is heavily wounded.
Duvessa hits you with a +0 short sword. Duvessa misses you.
You hit Duvessa. You freeze Duvessa.
Duvessa is heavily wounded.
Duvessa closely misses you. Duvessa hits you with a +0 short sword!
You hit Duvessa but do no damage.
Duvessa is heavily wounded.
Duvessa barely misses you.
You completely miss Duvessa.
Duvessa is heavily wounded.
Duvessa barely misses you. Duvessa closely misses you.
You slash Duvessa! You freeze Duvessa.
Duvessa is severely wounded.
Duvessa misses you.
You hit Duvessa but do no damage.
Duvessa is severely wounded.
Duvessa hits you with a +0 short sword!
You die...

#######
##..)..##
##.<.....##
#.........#
#.........#
#...e@<...#
#....)....#
#...........#
#...........#
#..........##
#.........#..
.............#.
#..........###


You could see Duvessa (berserk).

Vanquished Creatures
  A black bear (D:3)
  A water moccasin zombie (D:3)
  Dowan (D:4)
  An orc priest (D:3)
  3 hound skeletons (D:3)
  5 adders
  3 worms
  2 dart slugs
  6 orcs
  A ball python (D:1)
  2 endoplasms
  5 goblins
  3 hobgoblins (D:1)
  2 quokkas
  3 bats
  2 frilled lizards (D:2)
  A jackal skeleton (D:3)
  6 kobolds
  A quokka skeleton (D:3)
  6 rats
55 creatures vanquished.

Vanquished Creatures (others)
  6 plants (D:1)
6 creatures vanquished.

Grand Total: 61 creatures vanquished

Notes
Turn   | Place    | Note
-------+----------+-------------------------------------------
     0 | D:5      | qw the Gargoyle Delver began the quest for the Orb.
     0 | D:5      | Reached XP level 1. HP: 14/14 MP: 1/1
     0 | D:5      | 0 ||| qw: Version: 0.1-a-116-g5d60599
     0 | D:5      | 0 ||| qw: Game counter: 8285
     0 | D:5      | 0 ||| qw: Always use a shield: true
     0 | D:5      | 0 ||| qw: God list: Okawaru
     0 | D:5      | 0 ||| qw: Allow faded altars: false
     0 | D:5      | 0 ||| qw: Do Orc after D:15 true
     0 | D:5      | 0 ||| qw: Do second Lair branch before Depths: true
     0 | D:5      | 0 ||| qw: Lair rune preference: random
     0 | D:5      | 0 ||| qw: Plans: Normal
     0 | D:5      | 0 ||| PLANNING D:1-11
    63 | D:5      | 63 ||| DROPPING scroll of fog.
    64 | D:5      | 64 ||| DROPPING scroll of magic mapping.
    65 | D:5      | 65 ||| DROPPING scroll of fear.
    94 | D:4      | Reached XP level 2. HP: 14/19 MP: 2/2
   244 | D:2      | Identified the +0 leather armour of the Stone Wall {rF+ rC-
                  | Dex+4 Stlth+}
   247 | D:2      | 247 ||| Stepping ~*~*~tactically~*~*~ (hiding).
   349 | D:2      | 349 ||| Stepping ~*~*~tactically~*~*~ (hiding).
   451 | D:2      | 451 ||| Stepping ~*~*~tactically~*~*~ (hiding).
   553 | D:2      | 553 ||| Stepping ~*~*~tactically~*~*~ (hiding).
   801 | D:2      | 801 ||| Stepping ~*~*~tactically~*~*~ (stealth).
   806 | D:2      | 806 ||| Stepping ~*~*~tactically~*~*~ (stealth).
   816 | D:2      | Reached skill level 3 in Axes
   904 | D:2      | 904 ||| UPGRADING to +0 leather armour of the Stone Wall
                  | {rF+ rC- Dex+4 Stlth+}.
   914 | D:2      | 914 ||| DROPPING ring of magical power.
   915 | D:2      | 915 ||| UPGRADING to +4 ring of protection.
   916 | D:2      | 916 ||| UPGRADING to +4 ring of evasion.
  1093 | D:1      | Reached XP level 3. HP: 23/23 MP: 3/3
  1170 | D:1      | Found Xiwaleil's Weapon Shop.
  1174 | D:1      | 1174 ||| SHOPLISTING +0 vorpal war axe (79 gold, have 18).
  1184 | D:1      | 1184 ||| Stepping ~*~*~tactically~*~*~ (stealth).
  1516 | D:1      | Found a faded altar of an unknown god.
  1904 | D:1      | 1904 ||| READING scroll labelled EKUZEH ZIOFA.
  1905 | D:1      | 1905 ||| READING 2 scrolls labelled BOFRURPHIOS.
  1906 | D:1      | 1906 ||| READING scroll labelled XES GIHOCLOPPE.
  1907 | D:1      | 1907 ||| READING scroll labelled VUTILI HUOROKHLUME.
  1908 | D:1      | 1908 ||| READING scroll labelled QOGAMUAWOS.
  1909 | D:1      | 1909 ||| READING scroll labelled RYPAYNW CIUVOI.
  1910 | D:1      | 1910 ||| DROPPING scroll of immolation.
  1978 | D:2      | 1978 ||| Stepping ~*~*~tactically~*~*~ (stealth).
  1982 | D:2      | 1982 ||| Stepping ~*~*~tactically~*~*~ (stealth).
  1994 | D:2      | 1994 ||| Stepping ~*~*~tactically~*~*~ (stealth).
  1996 | D:2      | 1996 ||| Stepping ~*~*~tactically~*~*~ (stealth).
  2391 | D:2      | 2391 ||| UPGRADING to +0 pair of boots.
  2396 | D:2      | 2396 ||| DROPPING +0 leather armour.
  2397 | D:2      | 2397 ||| UPGRADING to +0 scale mail.
  2407 | D:2      | 2407 ||| READING scroll labelled BEECYV KAOCO.
  2417 | D:3      | Found an opulent altar of Gozag.
  2474 | D:3      | Reached skill level 1 in Armour
  2486 | D:3      | 2486 ||| Stepping ~*~*~tactically~*~*~ (stealth).
  2495 | D:3      | 2495 ||| Stepping ~*~*~tactically~*~*~ (stealth).
  2501 | D:3      | Reached XP level 4. HP: 19/28 MP: 4/4
  2548 | D:3      | Reached XP level 5. HP: 16/32 MP: 5/5
  2747 | D:3      | 2747 ||| READING scroll of brand weapon.
  2747 | D:3      | 2747 ||| BRANDING +0 hand axe of protection.
  2830 | D:3      | Noticed a black bear
  2855 | D:3      | HP: 8/32 [black bear (5)]
  2858 | D:3      | HP: 3/32 [black bear (2)]
  2859 | D:3      | HP: 1/32 [black bear (2)]
  2861 | D:3      | Killed a black bear
  2862 | D:3      | Reached XP level 6. HP: 2/37 MP: 6/6
  2874 | D:3      | 2874 ||| FLEEEEING.
  2875 | D:3      | 2875 ||| FLEEEEING.
  2884 | D:3      | 2884 ||| STAIRDANCE
  3153 | D:2      | 3153 ||| UPGRADING to +0 helmet.
  3158 | D:2      | 3158 ||| READING scroll labelled VIYCZAELIN.
  3179 | D:3      | 3179 ||| DROPPING +4 whip.
  3187 | D:3      | 3187 ||| Stepping ~*~*~tactically~*~*~ (stealth).
  3188 | D:3      | 3188 ||| Stepping ~*~*~tactically~*~*~ (stealth).
  3210 | D:3      | 3210 ||| Stepping ~*~*~tactically~*~*~ (stealth).
  3563 | D:3      | 3563 ||| DROPPING +2 whip of freezing.
  3627 | D:3      | 3627 ||| Stepping ~*~*~tactically~*~*~ (stealth).
  3629 | D:3      | 3629 ||| Stepping ~*~*~tactically~*~*~ (stealth).
  3824 | D:4      | Noticed Duvessa
  3824 | D:4      | Noticed Dowan
  3838 | D:4      | Killed Dowan
  3847 | D:4      | Slain by Duvessa

Levels and vault maps discovered:
D:1:      dpeg_arrival_simpleton_b, layout_basic, serial_shops,
          nicolae_shop_behind_doors, basic_ecumenical_altar,
          corexii_leaking_fountain, kennysheep_boxes
D:2:      layout_basic
D:3:      layout_loops_cross, nicolae_gozag_seed_capital, serial_undead,
          serial_undead_c, serial_undead_a, serial_undead_b, serial_undead_d,
          serial_undead_c, serial_undead_b
D:4:      layout_rooms, uniq_duvessa
D:5:      nicolae_cairo_tiling_large, layout_loops_ring,
          nicolae_wooded_promenade

Skill      XL: |  1  2  3  4  5  6 |
---------------+-------------------+-----
Axes           | 2 3 4 5 |  5.4
Armour         | 1 2 |  2.0
Fighting       | 4 |  4.4
Dodging        | |  1.5
Stealth        | |  5.4

Action                   |  1- 3 |  4- 6 || total
-------------------------+-------+-------++-------
Melee: Hand axe          |   108 |   165 ||   273
       Punch             |     1 |     1 ||     2
  Use: Scroll            |     7 |     2 ||     9
 Stab: Sleeping          |     4 |       ||     4
Armor: Leather armour    |    21 |       ||    21
       Scale mail        |    18 |    95 ||   113
Dodge: Dodged            |    70 |   120 ||   190

Table legend:
 A = Non-vault XP
 B = Vault XP
 C = Vault XP percentage of total XP
 D = Non-vault monster count
 E = Vault monster count
 F = Vault count percentage of total count
                 A         B        C        D         E       F
            +---------+---------+-------+---------+---------+-------
      Total |     318 |     203 |  39.0 |      48 |       7 |  12.7
            +---------+---------+-------+---------+---------+-------
        D:1 |      20 |       0 |   0.0 |      11 |       0 |   0.0
        D:2 |      30 |       0 |   0.0 |      14 |       0 |   0.0
        D:3 |     249 |     134 |  35.0 |      19 |       6 |  24.0
        D:4 |      19 |      69 |  78.4 |       4 |       1 |  20.0
            +---------+---------+-------+---------+---------+-------
